 Dungeon Crawl Stone Soup version 0.31-a0-859-g9dce7d3444 (webtiles) character file.

Game seed: 12441073899824138911

1712 Pooter the Cleaver (level 8, -1/64 (71) HPs)
             Began as a Minotaur Fighter on Oct 9, 2023.
             Slain by a wight
             ... wielding a +0 scimitar
              (6 damage)
             ... on level 6 of the Dungeon.
             The game lasted 00:24:00 (5920 turns).

Pooter the Cleaver (Minotaur Fighter)               Turns: 5920, Time: 00:24:01

HP:   -1/64 (71)    AC: 10    Str: 23    XL:     8   Next: 74%
MP:   0/7           EV:  7    Int:  8    God:
Gold: 249           SH:  9    Dex: 10    Spells: 7/7 levels left

rFire   . . .        a - +0 war axe
rCold   + . .        h - +0 kite shield
rNeg    . . .        p - +0 chain mail
rPois   +            (helmet restricted)
rElec   .            i - scarf of the Cooper {repulsion, rPois Int+3}
rCorr   .            n - +0 pair of gloves
SInv    .            (no boots)
Will    .....        G - amulet of guardian spirit Stlth
                     I - ring of protection from cold
HPRegen 0.30/turn    r - ring of flight
MPRegen 0.10/turn

%: repel missiles, guardian spirit
@: flying, drained
A: horns 2, retaliatory headbutt
a: no special abilities


You were on level 6 of the Dungeon.
You visited 2 branches of the dungeon, and saw 7 of its levels.
You also visited: Sewer.

You collected 249 gold pieces.

Inventory:

Hand Weapons
 a - a +0 war axe (weapon)
 b - a +0 sling
   (You found it on level 1 of the Dungeon)
 e - a +0 morningstar
   (You took it off an orc on level 2 of the Dungeon)
 j - a +1 whip of flaming
   (You found it on level 1 of the Dungeon)
Missiles
 d - 13 poisoned darts
 w - 2 curare-tipped darts
 Q - 62 stones (quivered)
Armour
 h - a +0 kite shield (worn)
   (You found it on level 1 of the Dungeon)
 i - the scarf of the Cooper (worn) {repulsion, rPois Int+3}
   (You acquired it on level 6 of the Dungeon)

   Int+3:     It affects your intelligence (+3).
   rPois:     It protects you from poison
 n - a +0 pair of gloves (worn)
   (You found it on level 2 of the Dungeon)
 p - a +0 chain mail (worn)
   (You took it off an orc on level 2 of the Dungeon)
Jewellery
 r - a ring of flight (right hand)
   (You found it on level 3 of the Dungeon)
 G - an amulet of guardian spirit (around neck)
   (You found it on level 1 of the Dungeon)
 I - a ring of protection from cold (left hand)
   (You found it on level 2 of the Dungeon)
Wands
 f - a wand of flame (15)
   (You found it on level 2 of the Dungeon)
 m - a wand of roots (14)
   (You found it on level 2 of the Dungeon)
 A - a wand of mindburst (16)
   (You found it on level 5 of the Dungeon)
Scrolls
 l - a scroll of blinking {unknown}
 o - a scroll of revelation
 q - a scroll of immolation {!r}
 t - 2 scrolls of teleportation {@r4}
 u - a scroll of enchant armour {unknown}
 v - 2 scrolls of poison {!r}
 y - a scroll of noise {unknown}
 B - a scroll of fog {unknown}
Potions
 c - 3 potions of heal wounds {unknown}
 g - 3 potions of curing {@q1}
 k - 2 potions of attraction {unknown}
 s - 3 potions of haste {unknown}
 z - 2 potions of might


   Skills:
 + Level 6.5 Fighting
 * Level 8.2 Axes
 * Level 7.0 Ranged Weapons
 - Level 3.6 Armour
 + Level 6.3 Shields


You had 7 spell levels left.
You didn't know any spells.
Your spell library contained the following spells:

 Spells                   Type           Power      Damage    Failure   Level
 Sublimation of Blood     Necr           0%         N/A       100%        2
 Wereblood                Tmut           0%         N/A       100%        2
 Dazzling Flash           Conj/Hex       0%         N/A       100%        3
 Volatile Blastmotes      Fire/Tloc      0%         2d10      100%        3
 Anguish                  Hex/Necr       0%         N/A       100%        4
 Cause Fear               Hex            0%         N/A       100%        4
 Starburst                Conj/Fire      0%         6d3       100%        6
 Enfeeble                 Hex            0%         N/A       100%        7
 Summon Hydra             Summ           0%         N/A       100%        7
 Maxwell's Capacitive Co  Air            0%         ∞         100%        8


Dungeon Overview and Level Annotations

Branches:
Dungeon (6/15) Zot: 26901  Temple (1/1) D:5 Zot: 5902   Sewer (visited)

Altars:
Ashenzari
Cheibriados
Dithmenos
Elyvilon
Fedhas
Hepliaklqana
Kikubaaqudgha
Nemelex Xobeh
Qazlal
Ru
Sif Muna
Vehumet
Yredelemnul
Zin


Innate Abilities, Weirdness & Mutations

You have a pair of horns on your head.
You reflexively headbutt those who attack you in melee.


Message History

You feel drained. The wight hits you with a +0 scimitar!
You are too injured to fight recklessly!
You are too injured to fight recklessly!
You are too injured to fight recklessly!
You are too injured to fight recklessly!
You slice the wight!!
You destroy the wight!
You slash the wight! You closely miss the wight. You block the wight's attack.
The wight hits you with a +0 scimitar.
You feel drained.
You slash the wight! You hit the wight but do no damage. x2
You block the wight's attack. x3
You hit the wight. You barely miss the wight. You hit the wight.
The wight hits you but does no damage. You block the wight's attack.
The wight hits you with a +0 falchion.
The wight hits you but does no damage. x2
The wight hits you with a +0 dagger.
* * * LOW HITPOINT WARNING * * *
You barely miss the wight. You completely miss the wight.
You barely miss the wight. You block the wight's attack.
The wight hits you with a +0 falchion.
* * * LOW HITPOINT WARNING * * *
You block the wight's attack.
You hit the wight but do no damage. You headbutt the wight.
You closely miss the wight. You slash the wight!
You destroy the wight!
The wight hits you but does no damage. The wight hits you with a +0 falchion.
* * * LOW HITPOINT WARNING * * *
You feel drained.
* * * LOW MAGIC WARNING * * *
* * * LOW HITPOINT WARNING * * *
You hit the wight but do no damage. You headbutt the wight.
You destroy the wight!
You barely miss the wight. The wight completely misses you.
You furiously retaliate!
You headbutt the wight.
Your Ranged Weapons skill increases to level 7!
You closely miss the wight. The wight hits you with a +0 scimitar!
* * * LOW MAGIC WARNING * * *
* * * LOW HITPOINT WARNING * * *
You closely miss the wight. You headbutt the wight.
The wight hits you with a +0 scimitar.
* * * LOW HITPOINT WARNING * * *
You feel drained.
* * * LOW MAGIC WARNING * * *
* * * LOW HITPOINT WARNING * * *
The wight hits you with a +0 scimitar.
* * * LOW MAGIC WARNING * * *
* * * LOW HITPOINT WARNING * * *
You feel drained.
You closely miss the wight. Your headbutt misses the wight.
The wight hits you with a +0 scimitar.
You die...

#....##........ #+#
#....##........ ....
#....##........ ...$###
#....##........ .......
#....#..[......
.......###......########
......?.##....###
......).##....#
#..)@.#....#
#..z#.#..### #...#.#.##
#...#.#.# #...#..>#
#...###+# #... #...


You could see a wight.

Vanquished Creatures
  A black bear (D:4)
  An ice beast (D:5)
  An ogre (D:4)
  A phantom (D:4)
  5 kobold brigands (Sewer)
  A bullfrog (D:6)
  A gnoll sergeant (D:5)
  3 wights (D:6)
  2 howler monkeys
  A jelly (D:5)
  4 hounds
  2 orc priests
  2 iguanas
  Natasha (thrice) (D:2)
  4 orc wizards
  6 gnolls
  3 adders
  2 river rats (Sewer)
  6 worms
  3 dart slugs
  18 orcs
  2 bats (D:3)
  9 endoplasms
  A giant cockroach (D:2)
  5 goblins
  10 hobgoblins
  6 jackals
  2 quokkas (D:1)
  7 ball pythons
  4 frilled lizards
  12 kobolds
  7 rats
135 creatures vanquished.

Notes
Turn   | Place    | Note
-------+----------+-------------------------------------------
     0 | D:1      | Pooter the Minotaur Fighter began the quest for the Orb.
     0 | D:1      | Reached XP level 1. HP: 19/19 MP: 0/0
   233 | D:1      | Reached XP level 2. HP: 25/27 MP: 1/1
   241 | D:1      | Reached skill level 3 in Axes
   241 | D:1      | Reached skill level 1 in Ranged Weapons
   799 | D:2      | Reached XP level 3. HP: 33/33 MP: 2/2
   914 | D:2      | Noticed Natasha
   922 | D:2      | Killed Natasha
  1190 | D:2      | Noticed Natasha
  1199 | D:2      | Killed Natasha
  1200 | D:2      | Reached XP level 4. HP: 30/40 MP: 1/3
  1621 | D:2      | Noticed Natasha
  1628 | D:2      | Killed Natasha
  1629 | D:2      | Reached skill level 4 in Axes
  2182 | D:3      | Reached XP level 5. HP: 34/47 MP: 2/4
  2833 | D:3      | Found a white marble altar of Elyvilon.
  2918 | D:4      | Noticed a phantom
  2921 | D:4      | Noticed an ogre
  3128 | D:4      | Noticed a black bear
  3133 | D:4      | Killed a black bear
  3134 | D:4      | Reached skill level 5 in Axes
  3134 | D:4      | Reached XP level 6. HP: 47/55 MP: 3/5
  3167 | D:4      | Reached skill level 5 in Fighting
  3554 | D:4      | Reached XP level 7. HP: 51/61 MP: 4/6
  3604 | D:5      | Entered Level 5 of the Dungeon
  3612 | D:5      | Reached skill level 5 in Shields
  3840 | D:5      | Reached skill level 6 in Axes
  4010 | D:5      | Reached skill level 5 in Ranged Weapons
  4046 | D:5      | Found a glowing drain.
  4055 | Sewer    | Entered a sewer
  4769 | Sewer    | Reached skill level 7 in Axes
  4769 | Sewer    | Reached XP level 8. HP: 23/70 MP: 4/7
  5302 | D:5      | Found an ancient bone altar of Kikubaaqudgha.
  5309 | D:5      | Found a staircase to the Ecumenical Temple.
  5315 | Temple   | Entered the Ecumenical Temple
  5759 | D:5      | Found a hazy altar of Hepliaklqana.
  5842 | D:6      | Identified a scroll of acquirement
  5843 | D:6      | Acquired the scarf of the Cooper {repulsion, rPois Int+3}
  5869 | D:6      | Reached skill level 8 in Axes
  5920 | D:6      | Slain by a wight

Illustrated notes

Levels and vault maps discovered:
D:1:      dpeg_arrival_ternary, layout_basic
D:2:      layout_rooms, serial_aquarium, aquarium_bridge_long_joined
          [aquarium_subvault_bridge, aquarium_subvault_wall,
          aquarium_subvault_wall, aquarium_subvault_balcony,
          aquarium_subvault_bridge, aquarium_subvault_bridge],
          aquarium_bridge_island_small [aquarium_subvault_small_water,
          aquarium_subvault_balcony, aquarium_subvault_bridge,
          aquarium_subvault_window, aquarium_subvault_bridge],
          aquarium_window_2, aquarium_window_double, aquarium_window_1,
          aquarium_view_2d, aquarium_balcony_1a, chequers_big_river,
          minmay_statues_item, skrybe_limestone_x, uniq_natasha
D:3:      layout_loops_ring, nicolae_elyvilon_temple_path
D:4:      layout_loops_ring
D:5:      layout_rooms, mainiacjoe_overflow_alcove_2,
          mainiacjoe_overflow_boulevard, minmay_temple_entry_enclosed_plants,
          portal_sewer_entry_b
D:6:      layout_basic, overflow_temple_1_default
Temple:   minmay_temple_curvy_loop

Skill      XL: |  1  2  3  4  5  6  7  8 |
---------------+-------------------------+-----
Axes           | 3 4 5 7 8 |  8.2
Ranged Weapons | 1 2 3 4 5 7 |  7.0
Fighting       | 4 5 6 |  6.5
Shields        | 4 5 6 |  6.3
Armour         | |  3.6

Action                     |  1- 3 |  4- 6 |  7- 9 || total
---------------------------+-------+-------+-------++-------
  Melee: War axe           |    34 |    32 |   159 ||   225
         Headbutt          |     6 |    20 |    39 ||    65
         Morningstar       |       |    82 |    26 ||   108
   Fire: Sling             |    62 |    23 |    30 ||   115
  Evoke: Wand              |       |     3 |       ||     3
    Use: Scroll            |       |     5 |     3 ||     8
         Potion            |       |       |     4 ||     4
 Armour: Scale mail        |    46 |    24 |       ||    70
         Chain mail        |       |    76 |   181 ||   257
  Dodge: Dodged            |    20 |    40 |    46 ||   106
  Block: Buckler           |     5 |       |       ||     5
         Kite shield       |    19 |    66 |   103 ||   188

Table legend: (Time is in decaauts)
 A = Elapsed time spent in this place.
 B = Non-inter-level travel time spent in this place.
 C = Inter-level travel time spent in this place.
 D = Time resting spent in this place.
 E = Time spent auto-exploring this place.
 F = Levels seen in this place.
 G = Mean time per level.
                   A        B        C        D        E       F      G
               +--------+--------+--------+--------+--------+-----+--------+
         Total |   6129 |   5858 |    271 |   1098 |   3393 |   8 |  766.1 |
       Dungeon |   4861 |   4590 |    271 |    840 |   2736 |   6 |  810.2 |
        Temple |     97 |     97 |      0 |      0 |      0 |   1 |   97.0 |
         Sewer |   1170 |   1170 |      0 |    258 |    657 |   1 | 1170.0 |
               +--------+--------+--------+--------+--------+-----+--------+

Top non-repeatable levels by time:
     D:2: 1599 daAuts
   Sewer: 1170 daAuts
     D:4: 1098 daAuts
     D:1: 719 daAuts
     D:3: 686 daAuts
     D:5: 659 daAuts
     D:6: 97 daAuts
  Temple: 97 daAuts
